 Dungeon Crawl Stone Soup version 0.24.1-14-gf8d2b509d9 (webtiles) character file.

Game seed: 16602159596031394165, levelgen mode: deterministic

393 Hugehornet the Sneak (level 6, -3/42 HPs)
             Began as an Octopode Transmuter on May 17, 2020.
             Slain by a bullfrog (5 damage)
             ... in a sewer.
             The game lasted 00:07:08 (4243 turns).

Hugehornet the Sneak (Octopode Transmuter)          Turns: 4243, Time: 00:07:08

Health: -3/42      AC:  3    Str: 10    XL:     6   Next: 81%
Magic:  8/9        EV: 18    Int: 15    God:
Gold:   152        SH:  0    Dex: 15    Spells: 3/9 levels left

rFire    + . .     SeeInvis .     - Unarmed
rCold    . . .     Gourm    +   (no shield)
rNeg     . . .     Faith    .   (helmet restricted)
rPois    .         Spirit   .   j - amulet of the gourmand
rElec    .         Reflect  .   d - ring of teleportation (curse)
rCorr    .         Harm     .   (no ring)
MR       .....     Rnd*Tele +   (no ring)
Stlth    ++++++....             (no ring)
HPRegen  0.14/turn              (no ring)
MPRegen  0.11/turn              (no ring)
                                (no ring)
                                (no ring)

@: agile, appendage (expiring)
A: almost no armour, stealthy swim, amphibious, 8 rings, constrict 8, tentacle
spike 3, yellow scales 1, camouflage 1, clumsy 1, dopey 1, fire resistance 1,
gelatinous body 1
a: End Transformation


You were in a sewer.
You were not hungry.
One of your tentacles had a temporary spike.
You visited 1 branch of the dungeon, and saw 4 of its levels.
You also visited: Sewer.

You collected 152 gold pieces.

Inventory:

Missiles
 a - 49 arrows
Jewellery
 d - a cursed ring of teleportation (left tentacle)
 j - an amulet of the gourmand (around mantle)
Scrolls
 f - 2 scrolls of teleportation
 g - 2 scrolls of identify
Potions
 e - 2 potions of resistance
Comestibles
 c - 6 rations


   Skills:
 - Level 3.4 Fighting
 + Level 2.0 Dodging
 - Level 6.2 Stealth
 - Level 3.0 Unarmed Combat
 - Level 2.0 Spellcasting
 - Level 3.0 Transmutations
 - Level 3.1 Poison Magic


You had 3 spell levels left.
You knew the following spells:

 Your Spells              Type           Power        Failure   Level  Hunger
a - Beastly Appendage     Tmut           ##....       6%          1    #......
b - Sticks to Snakes      Tmut           ##......     10%         2    ###....
c - Spider Form           Tmut/Pois      ##........   19%         3    ###....

Your spell library contained the following spells:

 Spells                   Type           Power        Failure   Level  Hunger
 Ice Form                 Ice/Tmut       #.......     75%         4    #####..
 Blade Hands              Tmut           ##........   87%         5    ######.


Dungeon Overview and Level Annotations

Branches:
Dungeon (4/15)             Temple (0/1) D:4           Sewer (1/1)

Altars:


Innate Abilities, Weirdness & Mutations

You cannot wear most types of armour.
You are very stealthy in the water. (Stealth+)
You are amphibious.
You can wear up to eight rings at the same time.
You can use your tentacles to constrict eight enemies at once.
Your skin changes colour to match your surroundings (Stealth+).
Your rubbery body absorbs attacks. (AC +1, EV +1)
One of your tentacles bears a large vicious spike.
You are partially covered in yellow scales. (AC +2)
You are clumsy. (Dex -2)
You are dopey. (Int -2)
Your flesh is heat resistant. (rF+)


Message History

Okay, then.
Okay, then.
Unknown command.
You escape the ball python's grasp.
The ooze hits you but does no damage.
The bullfrog swells and bulges.
The bullfrog misses you. The ball python closely misses you.
The ball python grabs you.
* * * LOW HITPOINT WARNING * * *
The ball python constricts you.
You escape the ball python's grasp.
The bullfrog misses you.
The ball python completely misses you. x2
The frilled lizard unfolds its giant frill.
The frilled lizard completely misses you.
The bullfrog misses you. The ball python closely misses you.
The ball python misses you. The ball python closely misses you.
The ball python misses you. The bullfrog misses you.
Your transformation is almost over.
The bullfrog hits you.
You die...

###### ≈≈.≈≈≈####
≈≈≈≈≈≈≈≈≈###
#######≈≈≈≈≈##
###≈≈@S≈###†≈≈.##
#≈≈≈lSF≈≈≈##≈≈≈.#
##≈≈≈..≈≈≈≈≈≈##≈.≈##
#≈....?%l≈J≈≈≈#..≈≈#
#≈≈l$$?.≈≈≈≈≈≈#.≈≈≈#
#≈≈≈≈.≈≈.≈≈≈≈≈#.≈..#
#≈≈...≈≈.≈≈≈≈##.†≈##
#≈≈..≈≈≈.≈≈≈##.≈≈≈#
#≈†#≈≈≈≈≈###≈.≈≈##


You could see a bullfrog, an ooze, 2 leopard geckos, 2 ball pythons and a
frilled lizard.

Vanquished Creatures
  A bullfrog (Sewer)
  An orc priest (D:4)
  An orc wizard (D:4)
  Terence (D:2)
  A hound zombie (D:4)
  2 howler monkey zombies (D:4)
  A gnoll (D:1)
  A river rat (D:4)
  8 adders
  6 oozes
  An adder zombie (D:4)
  2 worms (D:3)
  A dart slug (D:1)
  5 leopard geckos
  3 orcs
  2 bats
  7 giant cockroaches
  7 goblins
  6 hobgoblins
  5 kobolds
  A quokka (D:3)
  3 ball pythons (Sewer)
  7 frilled lizards
  A jackal zombie (D:4)
  13 rats
87 creatures vanquished.

Notes
Turn   | Place    | Note
-------+----------+-------------------------------------------
     0 | D:1      | Hugehornet the Octopode Transmuter began the quest for the
                  | Orb.
     0 | D:1      | Reached XP level 1. HP: 13/13 MP: 3/3
    47 | D:1      | Reached skill level 1 in Stealth
   229 | D:1      | Reached skill level 2 in Stealth
   269 | D:1      | Reached XP level 2. HP: 17/18 MP: 3/5
   295 | D:1      | Reached skill level 3 in Stealth
   437 | D:1      | Learned a level 2 spell: Sticks to Snakes
   584 | D:1      | Reached XP level 3. HP: 19/23 MP: 4/6
   589 | D:1      | Learned a level 3 spell: Spider Form
  1323 | D:2      | Reached skill level 1 in Poison Magic
  1813 | D:2      | Noticed Terence
  1822 | D:2      | Killed Terence
  1822 | D:2      | Reached XP level 4. HP: 18/28 MP: 3/7
  2255 | D:3      | Reached skill level 4 in Stealth
  3037 | D:3      | Gained mutation: You are partially covered in yellow
                  | scales. (AC +2) [potion of mutation]
  3037 | D:3      | Gained mutation: You are clumsy. (Dex -2) [potion of
                  | mutation]
  3037 | D:3      | Gained mutation: You are dopey. (Int -2) [potion of
                  | mutation]
  3037 | D:3      | Gained mutation: Your flesh is heat resistant. (rF+)
                  | [potion of mutation]
  3115 | D:3      | Reached XP level 5. HP: 34/34 MP: 6/8
  3710 | D:4      | Reached skill level 5 in Stealth
  3764 | D:4      | Reached skill level 6 in Stealth
  3766 | D:4      | Reached XP level 6. HP: 4/39 MP: 9/9
  3825 | D:4      | Found a glowing drain.
  3978 | Sewer    | Entered a sewer
  4238 | Sewer    | HP: 2/42 [ooze (2)]
  4243 | Sewer    | Slain by a bullfrog

Levels and vault maps discovered:
D:1:      onia_arrival_larder, layout_loops_cross
D:2:      layout_loops_ring, minivault_19, uniq_terence
D:3:      wad_river_or_something, layout_basic, first_ration
D:4:      layout_basic, kennysheep_mini, minmay_temple_entry_drinking_statues,
          serial_undead, serial_undead_d, serial_undead_b, serial_undead_f,
          serial_undead_b, portal_sewer_entry_c, serial_shops,
          nicolae_shop_behind_doors
Sewer:    sewer_frog_island_02

Skill      XL: |  1  2  3  4  5  6 |
---------------+-------------------+-----
Stealth        | 2 3 4 6 |  6.2
Poison Magic   | 2 3 |  3.1
Fighting       | 2 3 |  3.4
Transmutations | 3 |  3.0
Dodging        | |  2.0
Unarmed Combat | |  3.0
Spellcasting   | |  2.0

Action                   |  1- 3 |  4- 6 || total
-------------------------+-------+-------++-------
Melee: Unarmed           |    49 |   164 ||   213
       Constrict         |    10 |    37 ||    47
       Tentacles         |     4 |    23 ||    27
       Kick              |     6 |    34 ||    40
       Punch             |     1 |     5 ||     6
 Cast: Beastly Appendage |    26 |    31 ||    57
       Spider Form       |     1 |       ||     1
  Use: Scroll            |     7 |     2 ||     9
       Potion            |       |     2 ||     2
 Stab: Sleeping          |    10 |    15 ||    25
  Eat: Chunk             |     3 |    12 ||    15
Armor: Skin              |     1 |    37 ||    38
Dodge: Dodged            |    23 |   134 ||   157
